 Dungeon Crawl Stone Soup version 0.29-a0-67-g1d65ae1bb4 (webtiles) character file.

Game seed: 15391043996682625032

558 Gargoyl the Skirmisher (level 7, 0/60 HPs)
             Began as a Gnoll Abyssal Knight on Feb 3, 2022.
             Was a Priest of Lugonu.
             Slain by Sigmund (8 damage)
             ... on level 5 of the Dungeon.
             The game lasted 00:06:11 (4378 turns).

Gargoyl the Skirmisher (Gnoll Abyssal Knight)       Turns: 4378, Time: 00:06:12

Health: 0/60       AC:  7    Str: 14    XL:     7   Next: 31%
Magic:  11/11      EV: 11    Int: 10    God:    Lugonu [***...]
Gold:   124        SH:  0    Dex: 12    Spells: 10/10 levels left

rFire   . . .      SeeInvis .   p - +0 hand axe (vamp)
rCold   . . .      Faith    .   m - orb {*Rage}
rNeg    . . .      Spirit   .   g - +0 ring mail
rPois   .          Reflect  .   (no helmet)
rElec   .          Harm     .   o - +0 cloak
rCorr   .          Rampage  .   (no gloves)
Will    .....      Rage     20% (no boots)
Stlth   +.........              (no amulet)
HPRegen 0.20/turn               (no ring)
MPRegen 0.12/turn               (no ring)

@: lethally poisoned (0 -> -1), on berserk cooldown, slowed, very slow
A: fangs 1, strong nose, distributed training
a: Renounce Religion, Depart the Abyss, Bend Space, Banish


You were on level 5 of the Dungeon.
You worshipped Lugonu.
Lugonu was most pleased with you.
You visited 1 branch of the dungeon, and saw 5 of its levels.
You visited the Abyss 1 time.

You collected 124 gold pieces.

Inventory:

Hand Weapons
 a - a +1 hand axe
 p - a +0 vampiric hand axe (weapon)
Missiles
 d - 6 boomerangs (quivered)
Armour
 g - a +0 ring mail (worn)
 h - a +0 buckler
 m - an orb of wrath (worn)
 o - a +0 cloak (worn)
Jewellery
 l - a ring of resist corrosion
 y - an amulet of magic regeneration
Wands
 b - a wand of acid (6)
 k - a wand of digging (5)
Scrolls
 n - a scroll of identify
 q - a scroll of blinking {unknown}
 s - 2 scrolls of teleportation
 t - a scroll of fog {unknown}
 v - a scroll of enchant armour {unknown}
 w - a scroll of noise {unknown}
Potions
 c - a potion of curing
 e - a potion of magic
 f - a potion of might {unknown}
 i - 2 potions of degeneration {unknown}
 j - a potion of heal wounds {unknown}
 r - a potion of brilliance {unknown}
 u - 2 potions of mutation {unknown}
 x - a potion of haste {unknown}


   Skills:
 + Level 7.0 Fighting
 + Level 2.4 Short Blades
 + Level 2.4 Long Blades
 + Level 5.2 Axes
 + Level 2.4 Maces & Flails
 + Level 2.4 Polearms
 + Level 2.4 Staves
 + Level 2.4 Slings
 + Level 2.4 Bows
 + Level 2.4 Crossbows
 + Level 2.4 Throwing
 + Level 5.2 Armour
 + Level 3.5 Dodging
 + Level 2.4 Stealth
 + Level 2.4 Shields
 + Level 2.4 Unarmed Combat
 + Level 2.4 Spellcasting
 + Level 2.0 Conjurations
 + Level 2.0 Hexes
 + Level 2.0 Summonings
 + Level 2.0 Necromancy
 + Level 2.0 Translocations
 + Level 2.0 Transmutations
 + Level 2.0 Fire Magic
 + Level 2.0 Ice Magic
 + Level 2.0 Air Magic
 + Level 2.0 Earth Magic
 + Level 2.0 Poison Magic
 + Level 5.3 Invocations
 + Level 2.4 Evocations


You had 10 spell levels left.
You didn't know any spells.
Your spell library contained the following spells:

 Spells                   Type           Power      Damage    Failure   Level
 Corpse Rot               Necr/Air       10%        N/A       36%         2
 Poisonous Vapours        Pois/Air       10%        N/A       36%         2


Dungeon Overview and Level Annotations

Branches:
Dungeon (5/15)
 Temple: D:4-7

Altars:
Elyvilon
Nemelex Xobeh

Annotations:
D:5 Sigmund


Innate Abilities, Weirdness & Mutations

You have very sharp teeth.
Your uncanny sense of smell can sniff out nearby items.
Your experience applies equally to all skills.


Message History

You feel less confused. The gnoll hits you with a +0 spear!
Sigmund hits you but does no damage.
An adder comes into view.
The gnoll barely misses you.
You slash the gnoll!
You kill the gnoll!
Lugonu accepts your kill.
You hit Sigmund but do no damage.
Sigmund hits you with a +1 scythe of venom!
Your Conjurations skill increases to level 2!
Your Hexes skill increases to level 2!
Your Summonings skill increases to level 2!
Your Necromancy skill increases to level 2!
Your Translocations skill increases to level 2!
Your Transmutations skill increases to level 2!
Your Fire Magic skill increases to level 2!
Your Ice Magic skill increases to level 2!
Your Air Magic skill increases to level 2!
Your Earth Magic skill increases to level 2!
Your Poison Magic skill increases to level 2!
Sigmund points at you and mumbles some strange words.
The magic dart hits you but does no damage.
Sigmund points at you and mumbles some strange words.
The magic dart hits you.
Sigmund hits you with a +1 scythe of venom!
You are poisoned.
You feel very sick. Sigmund gestures at you while chanting.
You resist with some effort.
You feel very sick. Sigmund barely misses you.
You feel very sick. The adder misses you.
You feel sick. The adder bites you.
* * * LOW HITPOINT WARNING * * *
You feel sick. Sigmund barely misses you. The adder bites you.
* * * LOW HITPOINT WARNING * * *
You feel sick. The adder bites you but does no damage.
Sigmund hits you from afar with a +1 scythe of venom!
You die...

............#.........
....(..................
........)))†...........
.##........).....#....#
#..................#
......>.......#.....#
..##.........@#.....# .
.....#.#(..S......#
....#####....@....##
.#.. #....#...## ..
#...##<..# #..##....#
######..## ####


You could see Sigmund and an adder.

Vanquished Creatures
  2 black bears (D:4)
  A necrophage (D:4)
  A jelly (D:4)
  A hound (D:3)
  An orc wizard (D:3)
  A hound skeleton (D:4)
  4 gnolls (D:5)
  3 adders
  2 adder skeletons (D:4)
  5 worms
  5 dart slugs
  8 orcs
  3 endoplasms (D:1)
  3 giant cockroaches
  9 goblins
  5 hobgoblins
  4 quokkas
  10 ball pythons
  4 bats
  6 frilled lizards
  A jackal skeleton (D:4)
  8 kobolds
  5 rats
92 creatures vanquished.

Vanquished Creatures (others)
  An orc wizard (D:4)
1 creature vanquished.

Grand Total: 93 creatures vanquished

Notes
Turn   | Place    | Note
-------+----------+-------------------------------------------
     0 | Abyss:1  | Gargoyl the Gnoll Abyssal Knight began the quest for the
                  | Orb.
     0 | Abyss:1  | Reached XP level 1. HP: 23/23 MP: 3/3
     0 | D:1      | Escaped the Abyss
    59 | D:1      | Reached * piety under Lugonu
   424 | D:1      | Reached XP level 2. HP: 27/29 MP: 5/5
   711 | D:1      | Found a faded altar of an unknown god.
   848 | D:1      | Reached XP level 3. HP: 35/35 MP: 6/6
  1747 | D:2      | Reached skill level 1 in Short Blades
  1747 | D:2      | Reached skill level 1 in Long Blades
  1747 | D:2      | Reached skill level 1 in Maces & Flails
  1747 | D:2      | Reached skill level 1 in Polearms
  1747 | D:2      | Reached skill level 1 in Staves
  1747 | D:2      | Reached skill level 1 in Slings
  1747 | D:2      | Reached skill level 1 in Bows
  1747 | D:2      | Reached skill level 1 in Crossbows
  1747 | D:2      | Reached skill level 1 in Throwing
  1747 | D:2      | Reached skill level 1 in Stealth
  1747 | D:2      | Reached skill level 1 in Shields
  1747 | D:2      | Reached skill level 1 in Unarmed Combat
  1747 | D:2      | Reached skill level 1 in Spellcasting
  1747 | D:2      | Reached skill level 1 in Evocations
  1890 | D:2      | Reached ** piety under Lugonu
  2040 | D:2      | Reached XP level 4. HP: 37/41 MP: 7/7
  2677 | D:3      | Reached skill level 1 in Conjurations
  2677 | D:3      | Reached skill level 1 in Hexes
  2677 | D:3      | Reached skill level 1 in Summonings
  2677 | D:3      | Reached skill level 1 in Necromancy
  2677 | D:3      | Reached skill level 1 in Translocations
  2677 | D:3      | Reached skill level 1 in Transmutations
  2677 | D:3      | Reached skill level 1 in Fire Magic
  2677 | D:3      | Reached skill level 1 in Ice Magic
  2677 | D:3      | Reached skill level 1 in Air Magic
  2677 | D:3      | Reached skill level 1 in Earth Magic
  2677 | D:3      | Reached skill level 1 in Poison Magic
  3076 | D:3      | Reached XP level 5. HP: 47/47 MP: 8/8
  3543 | D:4      | Found a white marble altar of Elyvilon.
  3731 | D:4      | Reached skill level 5 in Invocations
  3741 | D:4      | Reached XP level 6. HP: 46/53 MP: 9/9
  3853 | D:4      | Noticed a black bear
  3871 | D:4      | Killed a black bear
  3872 | D:4      | Reached skill level 5 in Axes
  3872 | D:4      | Reached skill level 5 in Armour
  3954 | D:4      | Noticed a black bear
  3965 | D:4      | Killed a black bear
  4001 | D:4      | Noticed a necrophage
  4013 | D:4      | Killed a necrophage
  4014 | D:4      | Reached skill level 7 in Fighting
  4014 | D:4      | Reached XP level 7. HP: 60/60 MP: 10/10
  4066 | D:4      | Found a sparkling altar of Nemelex Xobeh.
  4142 | D:4      | Reached *** piety under Lugonu
  4345 | D:5      | Entered Level 5 of the Dungeon
  4356 | D:5      | Noticed Sigmund
  4378 | D:5      | Slain by Sigmund

Illustrated notes

Levels and vault maps discovered:
D:1:      dpeg_arrival_solitude, layout_basic,
          hellmonk_ecumenical_altar_zigzags, minmay_misc_feat_roman
D:2:      layout_basic
D:3:      layout_basic
D:4:      layout_basic, mainiacjoe_overflow_tiny_flanked,
          mainiacjoe_overflow_alcove_4
D:5:      layout_cave_pools, jmf_multi_god_temple,
          nicolae_dithmenos_shadow_blocks, minmay_manual_mess, uniq_sigmund

Skill      XL: |  1  2  3  4  5  6  7 |
---------------+----------------------+-----
Short Blades   | 1 2 |  2.4
Long Blades    | 1 2 |  2.4
Maces & Flails | 1 2 |  2.4
Polearms       | 1 2 |  2.4
Staves         | 1 2 |  2.4
Slings         | 1 2 |  2.4
Bows           | 1 2 |  2.4
Crossbows      | 1 2 |  2.4
Throwing       | 1 2 |  2.4
Stealth        | 1 2 |  2.4
Shields        | 1 2 |  2.4
Unarmed Combat | 1 2 |  2.4
Spellcasting   | 1 2 |  2.4
Evocations     | 1 2 |  2.4
Conjurations   | 1 2 |  2.0
Hexes          | 1 2 |  2.0
Summonings     | 1 2 |  2.0
Necromancy     | 1 2 |  2.0
Translocations | 1 2 |  2.0
Transmutations | 1 2 |  2.0
Fire Magic     | 1 2 |  2.0
Ice Magic      | 1 2 |  2.0
Air Magic      | 1 2 |  2.0
Earth Magic    | 1 2 |  2.0
Poison Magic   | 1 2 |  2.0
Dodging        | 3 |  3.5
Invocations    | 5 |  5.3
Axes           | 5 |  5.2
Armour         | 5 |  5.2
Fighting       | 7 |  7.0

Action                   |  1- 3 |  4- 6 |  7- 9 || total
-------------------------+-------+-------+-------++-------
Melee: Hand axe          |   131 |   158 |    37 ||   326
       Bite              |     8 |    13 |     5 ||    26
       Punch             |     3 |       |       ||     3
Invok: Depart the Abyss  |     1 |       |       ||     1
  Use: Scroll            |     3 |       |       ||     3
 Stab: Sleeping          |       |       |     1 ||     1
Armor: Leather armour    |    22 |       |       ||    22
       Ring mail         |    27 |    92 |    17 ||   136
Dodge: Dodged            |    80 |   109 |    43 ||   232
Block: Buckler           |    10 |     4 |       ||    14

Table legend: (Time is in decaauts)
 A = Elapsed time spent in this place.
 B = Non-inter-level travel time spent in this place.
 C = Inter-level travel time spent in this place.
 D = Time resting spent in this place.
 E = Time spent auto-exploring this place.
 F = Levels seen in this place.
 G = Mean time per level.
                   A        B        C        D        E       F      G
               +--------+--------+--------+--------+--------+-----+--------+
         Total |   4537 |   4346 |    191 |      0 |   3395 |   6 |  756.2 |
       Dungeon |   4537 |   4346 |    191 |      0 |   3395 |   5 |  907.4 |
         Abyss |      0 |      0 |      0 |      0 |      0 |   1 |    0.0 |
               +--------+--------+--------+--------+--------+-----+--------+

Top non-repeatable levels by time:
     D:2: 1347 daAuts
     D:1: 1271 daAuts
     D:3: 991 daAuts
     D:4: 889 daAuts
     D:5: 36 daAuts
